 Dungeon Crawl Stone Soup version 0.29-a0-333-gb4c28e87c6 (webtiles) character file.

Game seed: 3837208653890398972

9982 Jortsu the Cleaver (level 11, 0/85 HPs)
             Began as a Demonspawn Fighter on Apr 13, 2022.
             Was the Champion of Jiyva.
             Succumbed to Amaemon's poison
             ... on level 10 of the Dungeon.
             The game lasted 00:19:47 (6921 turns).

Jortsu the Cleaver (Demonspawn Fighter)             Turns: 6921, Time: 00:19:48

Health: 0/85       AC: 15    Str: 20    XL:     11   Next: 30%
Magic:  11/11      EV:  8    Int: 11    God:    Jiyva [******]
Gold:   937        SH:  5    Dex: 16    Spells: 10/10 levels left

rFire   + + +      SeeInvis .   a - +1 war axe
rCold   . . .      Faith    .   c - +0 buckler
rNeg    . . .      Spirit   .   o - +0 chain mail
rPois   .          Reflect  .   (helmet restricted)
rElec   .          Harm     .   v - +0 cloak
rCorr   +          Rampage  .   (no gloves)
Will    +++..      Clarity  +   p - +0 pair of boots
Stlth   ..........              (no amulet)
HPRegen 1.84/turn               f - ring of willpower
MPRegen 0.62/turn               (no ring)

@: mighty, lethally poisoned (0 -> -19), slowed, very slow
A: horns 2, thin metallic scales 1, foul stench 1, powered by pain 1, hooves 1,
agile 2, clarity, fire resistance 3, strong-willed 2, wild magic 1, translucent
skin 2
a: Renounce Religion, Oozemancy, Slimify


You were on level 10 of the Dungeon.
You worshipped Jiyva.
Jiyva was exalted by your worship.
You visited 1 branch of the dungeon, and saw 10 of its levels.
You also visited: Ossuary and Bailey.

You collected 937 gold pieces.

Inventory:

Hand Weapons
 a - a +1 war axe (weapon)
 u - a +2 scimitar of flaming
Missiles
 s - 4 throwing nets (quivered)
Armour
 c - a +0 buckler (worn)
 o - a +0 chain mail (worn)
 p - a +0 pair of boots (worn)
 v - a +0 cloak (worn)
Jewellery
 f - a ring of willpower (left hand)
 r - a ring of willpower
 x - a ring of wizardry
Wands
 d - a wand of digging (8)
 q - a wand of iceblast (8)
 w - a wand of charming (12)
 z - a wand of paralysis (8)
Scrolls
 h - 6 scrolls of teleportation
 j - a scroll of fog
 t - a scroll of magic mapping
 y - a scroll of silence
 A - a scroll of fear
Potions
 b - a potion of resistance
 e - a potion of cancellation
 g - 3 potions of invisibility
 i - 2 potions of heal wounds
 k - 4 potions of curing
 l - 3 potions of might
 m - 4 potions of ambrosia
 n - 2 potions of brilliance
 B - a potion of lignification
 C - a potion of flight {unknown}


   Skills:
 + Level 7.7 Fighting
 + Level 11.7 Axes
 + Level 8.2 Armour
 + Level 2.4 Dodging
 + Level 2.2 Stealth
 + Level 5.3 Shields


You had 10 spell levels left.
You didn't know any spells.
Your spell library contained the following spells:

 Spells                   Type           Power      Damage    Failure   Level
 Foxfire                  Conj/Fire      0%         2x1d4     99%         1
 Shock                    Conj/Air       0%         1d3       99%         1
 Conjure Flame            Conj/Fire      0%         6-21      100%        3
 Inner Flame              Hex/Fire       0%         N/A       100%        3
 Swiftness                Air            0%         N/A       100%        3
 Airstrike                Air            0%         N/A       100%        4
 Flame Wave               Conj/Fire      0%         2d4       100%        4


Dungeon Overview and Level Annotations

Branches:
Dungeon (10/15)            Temple (0/1) D:6            Lair (0/6) D:8
    Orc (0/2) D:9         Ossuary (visited)          Bailey (visited)

Altars:
Fedhas
Jiyva

Shops:
D:7 (:(

Annotations:
D:10 Amaemon


Innate Abilities, Weirdness & Mutations

You have a pair of horns on your head.
You are partially covered in thin metallic scales. (AC +2)
You may rarely emit foul miasma when damaged in melee.
You sometimes gain a little power by taking damage.
You have large cloven feet.
You are very agile. (Dex +4)
You possess an exceptional clarity of mind.
Your flesh is almost immune to the effects of heat. (rF+++)
You are highly strong-willed. (Will++)
Your spells are a little harder to cast, but a little more powerful.
Your translucent skin reduces your foes' accuracy. (Stealth+)


Message History

You are more poisoned.
Amaemon claws you but does no damage. Amaemon tail-slaps you.
You are more poisoned.
Amaemon poisons you! The scorpion misses you.
The orange demon stings you but does no damage.
You block Amaemon's attack. Amaemon claws you. Amaemon barely misses you.
You barely miss Amaemon. You headbutt Amaemon.
Amaemon is heavily wounded.
You closely miss the scorpion.
You feel extremely sick. You block the scorpion's attack.
Amaemon closely misses you. Amaemon claws you but does no damage.
Amaemon tail-slaps you but does no damage.
The orange demon barely misses you.
The scorpion stings you but does no damage.
You completely miss Amaemon. Your headbutt misses Amaemon.
Amaemon is heavily wounded.
You slash the scorpion!
You kill the scorpion!
The scorpion's corpse disappears in a puff of smoke!
You feel extremely sick.
The orange demon stings you but does no damage.
Amaemon barely misses you. Amaemon claws you!
* * * LOW HITPOINT WARNING * * *
Amaemon completely misses you.
You miss Amaemon.
Amaemon is heavily wounded.
You feel very sick. You block the orange demon's attack.
Amaemon hits you with a +0 demon whip of venom!
* * * LOW HITPOINT WARNING * * *
You block Amaemon's attack. Amaemon tail-slaps you.
* * * LOW HITPOINT WARNING * * *
You are lethally poisoned!
Amaemon poisons you! The orange demon barely misses you.
You block Amaemon's attack. Amaemon claws you but does no damage.
Amaemon tail-slaps you but does no damage.
Amaemon attacks as you move away! You block Amaemon's attack.
Amaemon claws you but does no damage. You block Amaemon's attack.
You die...

#....##.### #......#
#....##...###......#
#....####..(.......#
#....# #####......#
###.## #......# #.#
#####.## .. #.#
####.# ##.@..#
#..#### #6## #.4.
#.... #..... #.....6
#(.....$ ........#


You could see Amaemon and an orange demon (curare).

Vanquished Creatures
  2 two-headed ogres (D:10)
  A troll (D:10)
  3 wyverns (D:8)
  Grum (D:9)
  11 yaks
  6 vampire mosquitoes (D:10)
  2 water moccasins
  Menkaure (D:5)
  An acid dragon (D:10)
  2 orc warriors
  A sky beast (D:6)
  10 wolves
  2 ogres
  A centaur (D:9)
  2 kobold brigands (D:7)
  3 elf zombies (Ossuary)
  3 necrophages
  9 gnoll sergeants
  5 wights (D:8)
  A jelly (D:6)
  7 killer bees
  A howler monkey (D:8)
  3 hounds
  3 human zombies (Ossuary)
  Crazy Yiuf (D:7)
  9 gnoll shamans
  12 orc priests
  2 iguanas
  5 orc wizards
  4 mummies
  A hound zombie (Ossuary)
  4 adders
  41 gnolls
  A shadow imp (D:7)
  4 worms
  41 orcs
  4 bats
  An endoplasm (D:1)
  2 giant cockroaches
  9 goblins
  3 hobgoblins (D:1)
  3 jackals (D:1)
  10 kobolds
  2 quokkas
  9 ball pythons
  4 frilled lizards
  A gnoll zombie (Ossuary)
  A goblin zombie (D:4)
  A hobgoblin zombie (Ossuary)
  3 kobold zombies (Ossuary)
  An orc zombie (D:4)
  2 rats (D:2)
262 creatures vanquished.

Vanquished Creatures (collateral kills)
  A cyclops (D:9)
  Maggie (D:7)
  A gnoll (D:9)
3 creatures vanquished.

Vanquished Creatures (others)
  A yak (D:6)
  A phantom (D:6)
  A scorpion (D:5)
  3 killer bees
  2 howler monkeys
  8 jellies
  3 orc priests (D:5)
  5 orc wizards
  A mummy (Ossuary)
  An adder (D:3)
  2 worms
  A dart slug (D:3)
  3 endoplasms
  3 orcs
  2 ball pythons
  A bat (D:1)
  A giant cockroach (D:1)
  A hobgoblin (D:3)
  2 kobolds
  4 rats
  23 plants
69 creatures vanquished.

Grand Total: 334 creatures vanquished

Notes
Turn   | Place    | Note
-------+----------+-------------------------------------------
     0 | D:1      | Jortsu the Demonspawn Fighter began the quest for the Orb.
     0 | D:1      | Reached XP level 1. HP: 18/18 MP: 1/1
   188 | D:1      | Gained mutation: You are partially covered in thin metallic
                  | scales. (AC +2) [demonic ancestry]
   188 | D:1      | Reached XP level 2. HP: 20/24 MP: 2/2
   309 | D:1      | Reached skill level 2 in Axes
   319 | D:1      | Found a faded altar of an unknown god.
   323 | D:1      | Prayed at the altar of an unknown god.
   323 | D:1      | Became a worshipper of Jiyva Jibupneb the Shapeless
   323 | D:1      | Reached * piety under Jiyva
   712 | D:2      | Gained mutation: You may rarely emit foul miasma when
                  | damaged in melee. [demonic ancestry]
   712 | D:2      | Reached XP level 3. HP: 29/29 MP: 3/3
   876 | D:2      | Reached ** piety under Jiyva
  1075 | D:2      | Reached XP level 4. HP: 35/35 MP: 4/4
  1354 | D:3      | Reached skill level 3 in Axes
  1457 | D:3      | Reached XP level 5. HP: 33/41 MP: 5/5
  1577 | D:3      | Reached *** piety under Jiyva
  1652 | D:3      | Gained mutation: You have a small jelly attached to you
                  | that senses nearby items. [Jiyva's grace]
  1652 | D:3      | Gained mutation: You have acidic saliva. [Jiyva's grace]
  1652 | D:3      | Gained mutation: You possess an exceptional clarity of
                  | mind. [Jiyva's grace]
  1652 | D:3      | Gained mutation: You have hidden genetic potential.
                  | [Jiyva's grace]
  1833 | D:4      | Noticed an orc warrior
  1846 | D:4      | Killed an orc warrior
  1847 | D:4      | Reached skill level 4 in Axes
  1847 | D:4      | Reached skill level 1 in Dodging
  1847 | D:4      | Reached XP level 6. HP: 19/48 MP: 6/6
  1875 | D:4      | Gained mutation: You passively dampen the noise of your
                  | surroundings. [hidden potential]
  1916 | D:4      | Found a sand-covered staircase.
  1934 | Ossuary  | Entered an ossuary
  1949 | Ossuary  | HP: 2/48 [elf zombie (3)]
  1983 | Ossuary  | Gained mutation: You sometimes gain a little power by
                  | taking damage. [demonic ancestry]
  1983 | Ossuary  | Reached XP level 7. HP: 50/54 MP: 7/7
  1989 | Ossuary  | Reached skill level 5 in Axes
  1995 | Ossuary  | Gained mutation: You are agile. (Dex +2) [hidden potential]
  1995 | Ossuary  | Lost mutation: You have hidden genetic potential. [hidden
                  | potential expressed]
  2392 | D:4      | Reached **** piety under Jiyva
  2424 | D:4      | Reached skill level 6 in Axes
  2523 | D:4      | Identified the +4 mace of Bloodstone {freeze, rPois rCorr
                  | Int-4}
  2597 | D:5      | Entered Level 5 of the Dungeon
  2757 | D:4      | Gained mutation: You have a pair of small horns on your
                  | head. [demonic ancestry]
  2757 | D:4      | Reached XP level 8. HP: 30/61 MP: 8/8
  2954 | D:5      | Reached ***** piety under Jiyva
  2996 | D:5      | Noticed Menkaure
  3004 | D:5      | Killed Menkaure
  3075 | D:5      | Lost mutation: You have acidic saliva. [Jiyva's grace]
  3075 | D:5      | Lost mutation: You passively dampen the noise of your
                  | surroundings. [Jiyva's grace]
  3075 | D:5      | Gained mutation: You are strong-willed. (Will+) [Jiyva's
                  | grace]
  3075 | D:5      | Gained mutation: You are highly strong-willed. (Will++)
                  | [Jiyva's grace]
  3075 | D:5      | Gained mutation: You are extremely strong-willed. (Will+++)
                  | [Jiyva's grace]
  3075 | D:5      | Gained mutation: You are very agile. (Dex +4) [Jiyva's
                  | grace]
  3081 | D:5      | Found a blossoming altar of Fedhas.
  3257 | D:6      | Reached skill level 5 in Fighting
  3257 | D:6      | Reached skill level 7 in Axes
  3257 | D:6      | Reached skill level 5 in Armour
  3704 | D:6      | Found a staircase to the Ecumenical Temple.
  3938 | D:6      | Reached skill level 8 in Axes
  3951 | D:6      | Gained mutation: You have a pair of horns on your head.
                  | [demonic ancestry]
  3951 | D:6      | Reached XP level 9. HP: 40/68 MP: 9/9
  4069 | D:7      | Found Qismab's Book Shoppe.
  4083 | D:7      | Reached skill level 9 in Axes
  4095 | D:7      | Reached skill level 1 in Stealth
  4133 | D:7      | Noticed Maggie
  4147 | D:7      | Killed Maggie
  4195 | D:7      | Found Efolil's Weapon Boutique.
  4394 | D:7      | Found Fitunwow's Weapon Emporium.
  4486 | D:7      | Found a runed translucent door.
  4487 | D:7      | Noticed Crazy Yiuf
  4504 | D:7      | Killed Crazy Yiuf
  4733 | D:8      | Lost mutation: You are extremely strong-willed. (Will+++)
                  | [Jiyva's grace]
  4733 | D:8      | Gained mutation: Your translucent skin slightly reduces
                  | your foes' accuracy. (Stealth+) [Jiyva's grace]
  4733 | D:8      | Gained mutation: Your translucent skin reduces your foes'
                  | accuracy. (Stealth+) [Jiyva's grace]
  4733 | D:8      | Gained mutation: Your transparent skin significantly
                  | reduces your foes' accuracy. (Stealth+) [Jiyva's grace]
  4733 | D:8      | Gained mutation: Your spells are a little harder to cast,
                  | but a little more powerful. [Jiyva's grace]
  4757 | D:8      | Reached XP level 10. HP: 76/76 MP: 10/10
  4863 | D:8      | Found a staircase to the Lair.
  4879 | D:8      | Reached ****** piety under Jiyva
  5139 | D:9      | Found a staircase to the Orcish Mines.
  5163 | D:9      | Reached skill level 10 in Axes
  5511 | D:9      | Noticed a cyclops
  5518 | D:9      | Killed a cyclops
  5700 | D:9      | Noticed Grum
  5716 | D:9      | HP: 3/79 [Grum/+1 spear (6)]
  5718 | D:9      | Killed Grum
  5719 | D:9      | Reached skill level 11 in Axes
  5761 | D:9      | Lost mutation: Your transparent skin significantly reduces
                  | your foes' accuracy. (Stealth+) [Jiyva's grace]
  5761 | D:9      | Lost mutation: You have a small jelly attached to you that
                  | senses nearby items. [Jiyva's grace]
  5761 | D:9      | Gained mutation: Your flesh is heat resistant. (rF+)
                  | [Jiyva's grace]
  5761 | D:9      | Gained mutation: Your flesh is very heat resistant. (rF++)
                  | [Jiyva's grace]
  5761 | D:9      | Gained mutation: Your flesh is almost immune to the effects
                  | of heat. (rF+++) [Jiyva's grace]
  5761 | D:9      | Gained mutation: You have large cloven feet. [Jiyva's
                  | grace]
  5841 | D:9      | Identified the +7 long sword "Hell-Harrower" {speed, Will+
                  | Dex+3}
  6119 | D:10     | Entered Level 10 of the Dungeon
  6119 | D:10     | Noticed a two-headed ogre
  6129 | D:10     | Killed a two-headed ogre
  6174 | D:10     | Found a flagged portal.
  6244 | Bailey   | Entered a bailey
  6334 | Bailey   | Reached XP level 11. HP: 83/84 MP: 11/11
  6503 | Bailey   | Identified the +0 scale mail of Cuzegg {Int+4 Dex+6}
  6538 | Bailey   | Reached skill level 5 in Shields
  6751 | D:10     | Noticed a two-headed ogre
  6766 | D:10     | Killed a two-headed ogre
  6908 | D:10     | Noticed Amaemon
  6921 | D:10     | Succumbed to Amaemon's poison

Illustrated notes

Levels and vault maps discovered:
D:1:      tarquinn_simple_flora_water_c, layout_basic,
          nicolae_ecumenical_lake_church, minmay_misc_feat_pillars
D:2:      layout_basic
D:3:      layout_rooms
D:4:      layout_rooms, nicolae_ossuary_entry_giza
D:5:      layout_cave_pools, general_overflow_altar, uniq_menkaure
D:6:      layout_loops_ring, minmay_temple_entry_overgrown
D:7:      layout_rooms, serial_shops, nicolae_shop_waterfront, shop, shop,
          nicolae_grassy_gnolls, uniq_maggie, uniq_crazy_yiuf_cottage
D:8:      layout_gridville, lair_entry_dummy
D:9:      layout_irregular_city, orc_david_3, due_unseen_surprise, uniq_grum
D:10:     layout_roguey, enter_bailey_3, chequers_serial_rivers_micro_c,
          uniq_amaemon

Skill      XL: |  1  2  3  4  5  6  7  8  9 10 11 |
---------------+----------------------------------+-----
Axes           | 2 3 4 6 8 9 11 | 11.7
Armour         | 3 4 5 6 7 8 |  8.2
Shields        | 3 4 5 |  5.3
Dodging        | 1 2 |  2.4
Fighting       | 4 5 6 7 |  7.7
Stealth        | 2 |  2.2

Action                   |  1- 3 |  4- 6 |  7- 9 | 10-12 || total
-------------------------+-------+-------+-------+-------++-------
Melee: War axe           |    84 |   116 |   327 |   335 ||   862
       Bite              |       |     8 |    12 |       ||    20
       Headbutt          |       |       |    42 |    81 ||   123
Invok: Oozemancy         |       |       |       |     1 ||     1
  Use: Scroll            |     2 |     4 |     9 |     3 ||    18
       Potion            |       |     1 |       |     1 ||     2
 Stab: Invisible         |       |       |     3 |       ||     3
Armor: Scale mail        |    46 |   106 |    14 |       ||   166
       Chain mail        |       |       |   162 |   199 ||   361
Dodge: Dodged            |    50 |    82 |   146 |   214 ||   492
Block: Buckler           |    23 |    34 |    75 |   140 ||   272

Table legend: (Time is in decaauts)
 A = Elapsed time spent in this place.
 B = Non-inter-level travel time spent in this place.
 C = Inter-level travel time spent in this place.
 D = Time resting spent in this place.
 E = Time spent auto-exploring this place.
 F = Levels seen in this place.
 G = Mean time per level.
                   A        B        C        D        E       F      G
               +--------+--------+--------+--------+--------+-----+--------+
         Total |   7060 |   6887 |    173 |    508 |   3733 |  12 |  588.3 |
       Dungeon |   6342 |   6169 |    173 |    505 |   3658 |  10 |  634.2 |
       Ossuary |    230 |    230 |      0 |      0 |      7 |   1 |  230.0 |
        Bailey |    487 |    487 |      0 |      3 |     68 |   1 |  487.0 |
               +--------+--------+--------+--------+--------+-----+--------+

Top non-repeatable levels by time:
     D:9: 964 daAuts
     D:1: 842 daAuts
     D:6: 815 daAuts
     D:4: 617 daAuts
     D:8: 605 daAuts
     D:7: 595 daAuts
     D:3: 546 daAuts
     D:5: 546 daAuts
     D:2: 495 daAuts
  Bailey: 487 daAuts
    D:10: 312 daAuts
 Ossuary: 230 daAuts
